 Dungeon Crawl Stone Soup version 0.31-a0-1529-g7bd419a0e5 (webtiles) character file.

Game seed: 14554643612243957419

527630 DeathSocks the Warrior (level 25, -3/147 HPs)
             Began as a Vine Stalker Fighter on Dec 31, 2023.
             Was an Initiate of Gozag.
             Killed from afar by an acid blob (6 damage)
             ... with a splash of acid
             ... on level 5 of the Pits of Slime.
             The game lasted 02:51:13 (52583 turns).

DeathSocks the Warrior (Vine Stalker Fighter)      Turns: 52583, Time: 02:51:14

Health: -3/147     AC: 20    Str: 32    XL:     25   Next: 52%
Magic:  0/33       EV: 16    Int:  8    God:    Gozag
Gold:   16152      SH: 19    Dex: 16    Spells: 23/24 levels left

rFire   + . .        a - +9 broad axe (spect)
rCold   + + .        N - +5 Storm Queen's Shield {shock, Fly rElec}
rNeg    + . .        R - +3 chain mail "Haicem" {rPois rN+ rCorr}
rPois   +            c - +2 helmet {SInv}
rElec   +            L - scarf {rC+ rF+}
rCorr   +            P - +2 pair of gloves
SInv    +            O - +1 pair of boots of Mutualism {rPois Regen+ Str+3 Slay+3}
Will    +++..        n - amulet of regeneration Stlth
                     q - ring "Putupnyf" {rElec rC+ MP+9 Str+2 Dex-2}
HPRegen 2.84/turn    J - +4 ring of slaying
MPRegen 0.23/turn

%: random rage (3%), guardian spirit
@: mighty, corroded, gold aura, on berserk cooldown, flying, slowed, studying 2
skills, invisible, very slow
A: fangs 3, regeneration 1, magic shield, antimagic bite, no potion heal 2,
berserk 1, subdued magic 1, inability to read after injury 1
}: 3/15 runes: decaying, serpentine, silver
a: Renounce Religion, Potion Petition, Call Merchant, Bribe Branch


You were on level 5 of the Pits of Slime.
You worshipped Gozag.
Gozag was extremely pleased with you.
You visited 9 branches of the dungeon, and saw 47 of its levels.
You visited 1 bazaar.

You collected 25682 gold pieces.
You spent 5036 gold pieces at shops.
You paid 4494 gold pieces to Gozag.

Inventory:

Hand Weapons
 a - a +9 spectral broad axe (weapon)
 b - the +10 broad axe "Yreit" {elec, Dex+3}
   (You found it on level 1 of the Vaults)

   Dex+3:     It affects your dexterity (+3).
Missiles
 m - 10 javelins
 t - 26 boomerangs
 u - 10 silver javelins (quivered)
Armour
 c - a +2 helmet of see invisible (worn)
 h - the +2 pair of boots of Brilliance {Will+ Str+6}
   (You bought it in a shop on level 2 of the Orcish Mines)

   Str+6:     It affects your strength (+6).
   Will+:     It increases your willpower.
 L - a scarf of resistance (worn)
 N - the +5 Storm Queen's Shield (worn) {shock, Fly rElec}
   (You found it on level 3 of the Depths)

   Shock:     When it blocks an attack, it may electrocute the attacker.
   This works even against foes who are a short distance away.
   rElec:     It insulates you from electricity.
   Fly:       It grants you flight.
 O - the +1 pair of boots of Mutualism (worn) {rPois Regen+ Str+3 Slay+3}
   (You bought it in a shop on level 4 of the Snake Pit)

   Str+3:     It affects your strength (+3).
   Slay+3:    It affects your accuracy & damage with ranged weapons and melee
   (+3).
   rPois:     It protects you from poison Regen+: It increases your rate of
   health regeneration.
 P - a +2 pair of gloves (worn)
 R - the +3 chain mail "Haicem" (worn) {rPois rN+ rCorr}
   (You bought it in a shop in a bazaar)

   rPois:     It protects you from poison rN+: It protects you from negative
   energy.
   rCorr:     It protects you from acid and corrosion.
Jewellery
 d - a ring of poison resistance
 n - an amulet of regeneration (around neck)
 q - the ring "Putupnyf" (left hand) {rElec rC+ MP+9 Str+2 Dex-2}
   (You bought it in a shop on level 2 of the Orcish Mines)

   [ring of magical power]

   Str+2:     It affects your strength (+2).
   Dex-2:     It affects your dexterity (-2).
   rC+:       It protects you from cold.
   rElec:     It insulates you from electricity.
   MP+9:      It affects your magic capacity (+9).
 J - a +4 ring of slaying (right hand)
Wands
 v - a wand of acid (25)
 z - a wand of flame (63)
 C - a wand of paralysis (47)
 H - a wand of mindburst (13)
 K - a wand of roots (80)
 M - a wand of digging (4)
Scrolls
 e - 4 scrolls of fear
 f - 6 scrolls of enchant armour
 i - 6 scrolls of fog
 l - 5 scrolls of teleportation
 r - 3 scrolls of torment
 w - 5 scrolls of blinking
 x - 4 scrolls of immolation
 A - 2 scrolls of silence
 F - 6 scrolls of butterflies
 Q - 26 scrolls of identify
 T - 8 scrolls of revelation
 W - a scroll of brand weapon
 Y - 7 scrolls of enchant weapon
Potions
 g - 3 potions of cancellation
 j - 11 potions of mutation
 o - 3 potions of brilliance
 p - 7 potions of might
 s - 16 potions of curing
 B - 5 potions of enlightenment
 D - 2 potions of berserk rage
 E - 3 potions of attraction
 I - 6 potions of lignification
 S - a potion of magic
 X - 2 potions of haste
Miscellaneous
 y - a phantom mirror
 G - a lightning rod (4/4)
 V - a box of beasts
 Z - a phial of floods


   Skills:
 - Level 20.0 Fighting
 - Level 18.0 Axes
 - Level 20.0 Armour
 + Level 13.9 Dodging
 - Level 15.0 Shields
 - Level 18.0 Evocations


You had 23 spell levels left.
You knew the following spells:

 Your Spells              Type           Power      Damage    Failure   Level
a - Apportation           Tloc           0%         N/A       75%         1

Your spell library contained the following spells:

 Spells                   Type           Power      Damage    Failure   Level
 Foxfire                  Conj/Fire      0%         2x1d4     75%         1
 Freeze                   Ice            0%         1d3       75%         1
 Magic Dart               Conj           0%         1d3       75%         1
 Necrotise                Necr           0%         1d4       75%         1
 Shock                    Conj/Air       0%         1d3       75%         1
 Slow                     Hex            0%         N/A       75%         1
 Cigotuvi's Dreadful Rot  Necr/Alch/Air  0%         N/A       87%         2
 Ensorcelled Hibernation  Hex/Ice        0%         N/A       87%         2
 Jinxbite                 Hex            0%         N/A       87%         2
 Mercury Vapours          Alch/Air       0%         N/A       87%         2
 Scorch                   Fire           0%         2d5       87%         2
 Searing Ray              Conj           0%         2d4       87%         2
 Static Discharge         Conj/Air       0%         3-3/arc   87%         2
 Sublimation of Blood     Necr           0%         N/A       87%         2
 Confusing Touch          Hex            0%         N/A       98%         3
 Dazzling Flash           Conj/Hex       0%         N/A       98%         3
 Frozen Ramparts          Ice            0%         1d1       98%         3
 Gell's Gravitas          Tloc           0%         N/A       98%         3
 Hailstorm                Conj/Ice       0%         3d5       98%         3
 Mephitic Cloud           Conj/Alch/Air  0%         N/A       98%         3
 Passwall                 Erth           0%         N/A       98%         3
 Sigil of Binding         Hex            0%         N/A       98%         3
 Stone Arrow              Conj/Erth      0%         3d7       98%         3
 Summon Ice Beast         Ice/Summ       0%         N/A       98%         3
 Swiftness                Air            0%         N/A       98%         3
 Teleport Other           Tloc           0%         N/A       98%         3
 Vampiric Draining        Necr           0%         2d6       98%         3
 Volatile Blastmotes      Fire/Tloc      0%         2d10      98%         3
 Airstrike                Air            0%         2d(0-16)  100%        4
 Anguish                  Hex/Necr       0%         N/A       100%        4
 Animate Armour           Summ/Erth      0%         N/A       100%        4
 Cause Fear               Hex            0%         N/A       100%        4
 Dispel Undead            Necr           0%         3d6       100%        4
 Flame Wave               Conj/Fire      0%         2d4       100%        4
 Fulminant Prism          Conj/Alch      0%         3d5       100%        4
 Ignite Poison            Fire/Alch      0%         N/A       100%        4
 Leda's Liquefaction      Alch/Erth      0%         N/A       100%        4
 Manifold Assault         Tloc           0%         N/A       100%        4
 Martyr's Knell           Necr/Summ      0%         N/A       100%        4
 Olgreb's Toxic Radiance  Alch           0%         N/A       100%        4
 Petrify                  Alch/Erth      0%         N/A       100%        4
 Sticky Flame             Fire/Alch      0%         2d4       100%        4
 Summon Blazeheart Golem  Fire/Summ      0%         N/A       100%        4
 Summon Lightning Spire   Summ/Air       0%         N/A       100%        4
 Vhi's Electric Charge    Tloc/Air       0%         N/A       100%        4
 Alistair's Intoxication  Alch           0%         N/A       100%        5
 Borgnjor's Vile Clutch   Necr/Erth      0%         N/A       100%        5
 Curse of Agony           Necr           0%         N/A       100%        5
 Fireball                 Conj/Fire      0%         3d3       100%        5
 Freezing Cloud           Conj/Ice/Air   0%         6-21      100%        5
 Irradiate                Conj/Alch      0%         3d11      100%        5
 Lee's Rapid Deconstruct  Erth           0%         3d4*      100%        5
 Metabolic Englaciation   Hex/Ice        0%         N/A       100%        5
 Silence                  Hex/Air        0%         N/A       100%        5
 Summon Forest            Summ/Tloc      0%         N/A       100%        5
 Summon Mana Viper        Hex/Summ       0%         N/A       100%        5
 Bombard                  Conj/Erth      0%         9d1       100%        6
 Conjure Ball Lightning   Conj/Air       0%         3x3d6     100%        6
 Death Channel            Necr           0%         N/A       100%        6
 Dispersal                Tloc           0%         N/A       100%        6
 Plasma Beam              Fire/Air       0%         2x1d10    100%        6
 Starburst                Conj/Fire      0%         6d3       100%        6
 Summon Cactus Giant      Summ           0%         N/A       100%        6
 Enfeeble                 Hex            0%         N/A       100%        7
 Haunt                    Necr/Summ      0%         N/A       100%        7
 Malign Gateway           Summ/Tloc      0%         N/A       100%        7
 Ozocubu's Refrigeration  Ice            0%         4d7       100%        7
 Spellforged Servitor     Conj/Summ      0%         N/A       100%        7
 Discord                  Hex            0%         N/A       100%        8
 Disjunction              Tloc           0%         N/A       100%        8
 Ignition                 Fire           0%         3d3       100%        8
 Infestation              Necr           0%         N/A       100%        8
 Lehudib's Crystal Spear  Conj/Erth      0%         10d2      100%        8
 Summon Horrible Things   Summ           0%         N/A       100%        8
 Chain Lightning          Conj/Air       0%         N/A       100%        9
 Dragon's Call            Summ           0%         N/A       100%        9
 Animate Dead             Necr           Unusable   N/A       N/A         4
 Sculpt Simulacrum        Ice/Alch       Unusable   N/A       N/A         6

Dungeon Overview and Level Annotations

Branches:
Dungeon (15/15)            Temple (0/1) D:5            Lair (5/5) D:11
  Swamp (4/4) Lair:3        Snake (4/4) Lair:2        Slime (5/5) Lair:4
    Orc (2/2) D:10            Elf (3/3) Orc:2        Vaults (5/5) D:14
  Crypt (0/3) Vaults:2     Depths (4/4) D:15            Zot (0/5) Depths:4

Altars:
Ashenzari
Cheibriados
Elyvilon
Fedhas
Gozag
Kikubaaqudgha
Nemelex Xobeh
Okawaru
Qazlal
Ru
Sif Muna
Trog
Wu Jian
Yredelemnul
Zin
The Shining One
Jiyva

Shops:
D:2 [   D:13 *   Orc:2 *=[[(   Snake:1 :   Snake:4 [   Vaults:4 ?
Depths:1 =:=

Portals:
Hell: Depths:1 Depths:2 Depths:3 Depths:4
Abyss: Depths:1 Depths:2 Depths:3
Pandemonium: Depths:2 Depths:3
Ziggurat: Depths:3
Trove: D:15 (give horn of Geryon)

Annotations:
Elf:2 1 runed translucent door


Innate Abilities, Weirdness & Mutations

You have razor-sharp teeth.
Your natural rate of healing is unusually fast.
When hurt, damage is shared between your health and your magic reserves.
Your bite disrupts and absorbs the magic of your enemies.
Potions cannot restore your health.
You sometimes lose your temper in combat.
Your spells are a little easier to cast, but a little less powerful.
You occasionally lose the ability to read scrolls when taking damage.


Message History

* * * LOW HITPOINT WARNING * * *
Your +9 spectral broad axe barely misses the acid blob.
Your +9 spectral broad axe hits the rockslime!!
Your +9 spectral broad axe misses the azure jelly.
Your +9 spectral broad axe hits the azure jelly!!
The acid blob is no longer distracted by gold.
The azure jelly is no longer distracted by gold.
The quicksilver ooze is no longer distracted by gold.
The rockslime is no longer distracted by gold.
The acid blob is no longer distracted by gold.
The acid blob hits you!
* * * LOW HITPOINT WARNING * * *
The acid corrodes you!
You are splashed with acid.
You resist.
* * * LOW HITPOINT WARNING * * *
The acid blob spits acid at you. The splash of acid hits you. You resist.
* * * LOW HITPOINT WARNING * * *
The acid blob jiggles.
The acid blob spits acid at you. The splash of acid hits you! You resist.
* * * LOW HITPOINT WARNING * * *
The rockslime hits you but does no damage.
The azure jelly barely misses your +9 spectral broad axe.
The azure jelly misses your +9 spectral broad axe.
The azure jelly hits your +9 spectral broad axe!
Your spectral weapon shares its damage with you!
* * * LOW HITPOINT WARNING * * *
The azure jelly hits your +9 spectral broad axe but does no damage.
The azure jelly closely misses your +9 spectral broad axe.
The azure jelly hits your +9 spectral broad axe.
Your spectral weapon shares its damage with you!
The azure jelly freezes your +9 spectral broad axe!!
Your +9 spectral broad axe resists.
Your spectral weapon shares its damage with you!
Your +9 spectral broad axe disappears.
* * * LOW HITPOINT WARNING * * *
The acid blob spits acid at you. The splash of acid hits you! You resist.
You die...
Your body crumbles into a pile of gold.

######## #### . #.#.#####
### .. #...#.#.#####.####
.# .......#..##...#.##.#
. ##............###.#..
... #.JJ......##.........
.....#JJJ......$$........
......J$@.....$.$$.......
..G...JJ........$...$...⌠
.......JJ.........#......
....#....................
... #.........#....#.....
.. ##.........##.##.....
. #.#...#.########.....
#####.### #....#.
##......


You could see 4 acid blobs, 3 azure jellies, a great orb of eyes, 2 rockslimes
and a quicksilver ooze.

Vanquished Creatures
  the Royal Jelly (Slime:5)
  Mennas (Vaults:4)
  Sojobo (Depths:1)
  A shard shrike (Depths:2)
  Bai Suzhen (Depths:2)
  Saint Roka (Snake:4)
  Vashnia (Snake:4)
  5 caustic shrikes
  3 golden dragons
  A bone dragon (Depths:4)
  An iron giant (Depths:2)
  Zenata (Elf:2)
  Jorgrun (D:15)
  5 tentacled monstrosities
  2 liches
  6 titans
  11 acid blobs
  A walking frostbound tome (Depths:3)
  A deep elf blademaster (Elf:3)
  2 deep elf master archers (Elf:3)
  An ancient champion (Vaults:2)
  5 sphinxes
  6 tengu reavers
  5 storm dragons
  Kirke (D:15)
  2 thorn hunters
  An azure jelly (Slime:5)
  2 shadow dragons
  7 rockslimes (Slime:5)
  3 nagarajas (Snake:4)
  A draconian monk (Depths:4)
  11 fire giants
  2 fenstrider witches
  Louise (Depths:1)
  4 iron dragons
  15 frost giants
  14 vault wardens
  4 deep elf sorcerers
  4 deep elf elementalists (Elf:3)
  A balrug (Depths:3)
  3 orc warlords
  A draconian annihilator (Depths:4)
  21 ironbound preservers
  10 quicksilver oozes (Slime:5)
  17 very ugly things
  8 ironbound thunderhulks
  2 formless jellyfish (Vaults:2)
  A black draconian (Depths:4)
  2 vampire knights (Depths:3)
  An eleionoma (Swamp:1)
  13 stone giants
  3 deep elf demonologists
  7 deep elf death magi
  A purple draconian (Depths:4)
  3 deep elf annihilators
  2 yellow draconians (Depths:4)
  A red draconian (Depths:4)
  7 spark wasps
  A white draconian (Depths:4)
  Azrael (D:14)
  5 war gargoyles
  14 dire elephants
  5 bunyips
  3 jiangshi (Depths:2)
  An eidolon (Depths:3)
  10 ettins
  2 shambling mangroves
  A mummy priest (Elf:2)
  2 entropy weavers
  3 deep elf high priests (Elf:3)
  9 fire dragons
  11 great orbs of eyes
  3 salamander tyrants
  4 rakshasas
  6 ice dragons
  2 peacekeepers
  24 hydras
  A ghost crab (Swamp:2)
  12 yaktaur captains
  32 vault guards
  A spriggan air mage (Depths:3)
  6 ogre magi
  4 catoblepae
  3 hell beasts
  9 ironbound frosthearts
  13 alligators
  35 dancing weapons
  21 centaur warriors
  9 anacondas
  3 boulder beetles
  6 deep troll shamans
  3 death knights
  11 death yaks
  12 naga warriors
  4 tengu warriors
  The ghost of THTSBRD the Fighter, a novice DsGl of Makhleb (Lair:1)
  6 occultists
  A vampire mage (Depths:2)
  18 two-headed ogres
  4 deep troll earth magi
  3 spriggan berserkers
  4 orc high priests
  A shock serpent (shapeshifter) (Depths:3)
  20 naga sharpshooters
  7 hell knights
  A sun demon (Depths:3)
  A titan zombie (Vaults:3)
  17 deep elf knights
  The ghost of Zonian the Summoner, a journeyman FeSu of Nemelex Xobeh (Lair:2)
  A sixfirhy (Depths:3)
  5 salamander mystics (Snake:4)
  5 shock serpents
  Amaemon (D:11)
  2 iron trolls
  A shadow wraith (Vaults:5)
  4 skeletal warriors
  A death drake (Swamp:2)
  A storm dragon skeleton (Vaults:2)
  3 goliath frogs
  A skyshark (Lair:5)
  7 spriggan druids
  2 flayed ghosts
  2 glowing orange brains
  10 ironbound convokers
  3 shadow demons (Elf:2)
  8 naga ritualists
  11 bog bodies
  54 deep trolls
  A spectral hydra (Swamp:3)
  7 lindwurms
  13 swamp dragons
  11 deep elf archers
  33 deep elf pyromancers
  10 orc knights
  A lindwurm (shapeshifter) (D:14)
  4 necromancers
  6 arcanists
  4 phantasmal warriors
  35 deep elf zephyrmancers
  A wolf spider (D:15)
  A tengu skeleton (Vaults:3)
  6 alligator zombies (Swamp:3)
  7 shining eyes
  2 will-o-the-wisps (Swamp:2)
  An orc sorcerer (Snake:4)
  38 ugly things
  11 mana vipers
  4 harpies
  7 goliath frog zombies (Swamp:3)
  10 salamanders
  5 manticores
  3 cyclopes
  A moth of wrath (Lair:2)
  An oklob plant (Lair:5)
  A large abomination (Swamp:3)
  A meliai (shapeshifter) (Elf:1)
  4 meliai
  4 guardian serpents (Snake:4)
  2 kobold blastminers (Orc:1)
  18 vault sentinels
  18 naga magi
  5 stone giant skeletons
  5 elephants (Lair:3)
  2 guardian serpents (shapeshifter)
  A gargoyle (D:10)
  An eye of devastation (shapeshifter) (Vaults:5)
  32 black mambas
  5 human skeletons
  A torpor snail (Lair:5)
  3 kobold demonologists (Elf:2)
  A rime drake (Lair:1)
  2 swamp worm zombies (Swamp:3)
  3 eyes of devastation (Slime:5)
  10 cane toads
  An orange demon (D:11)
  2 unseen horrors (D:11)
  30 yaktaurs
  8 freezing wraiths
  Jeremiah (D:8)
  A redback zombie (Vaults:1)
  An efreet (D:14)
  8 komodo dragons
  2 tengu conjurers (Depths:2)
  Psyche (D:10)
  2 yaktaur skeletons
  6 trolls
  Grinder (D:6)
  3 polar bears
  11 hornets
  A bloated husk (Swamp:2)
  A hornet (shapeshifter) (Vaults:5)
  9 tyrant leeches
  A glass eye (Slime:2)
  A snapping turtle (shapeshifter) (Vaults:5)
  A dream sheep (shapeshifter) (D:13)
  5 spectral swamp dragons (Swamp:3)
  Sigmund (D:4)
  9 blink frogs
  96 slime creatures
  15 spriggans
  A vampire (D:12)
  An ettin skeleton (Vaults:2)
  5 water elementals
  A slime creature (shapeshifter) (Vaults:5)
  2 spriggans (shapeshifter)
  2 air elementals
  5 wyverns
  5 wraiths
  An elf simulacrum (Vaults:1)
  4 steam dragons
  4 shadows
  6 fire elementals
  5 hogs (D:15)
  60 yaks
  A golden eye (D:10)
  3 basilisks
  3 redbacks
  Eustachio (D:6)
  An elf skeleton (Vaults:2)
  4 wargs
  6 vampire mosquitoes (D:14)
  37 nagas
  17 swamp worms
  2 tyrant leech zombies (Swamp:3)
  An acid dragon (D:8)
  2 hell hounds (D:14)
  An ogre skeleton (Vaults:2)
  An ice beast (D:6)
  14 water moccasins
  2 glowing shapeshifter skeletons
  24 orc warriors
  2 sky beasts
  10 swamp drakes
  2 black bears
  Pargi (D:4)
  28 ogres
  7 centaurs
  8 boggarts
  3 phantoms
  3 kobold brigands
  7 bullfrogs
  2 earth elementals
  Blork the orc (D:6)
  3 scorpions
  A hornet simulacrum (Vaults:1)
  4 wights
  2 troll zombies (Swamp:3)
  7 electric eels
  9 howler monkeys
  A bombardier beetle (D:6)
  4 hounds
  2 jellies (D:4)
  12 orc priests
  6 iguanas
  2 sleepcaps
  32 orc wizards
  10 hell rats
  4 gnolls
  19 river rats (Lair:2)
  7 adders
  15 white imps
  6 ufetubi
  A dart slug (D:3)
  4 ribbon worms
  91 orcs
  3 ball pythons
  7 endoplasms
  A giant cockroach (D:1)
  7 goblins
  7 hobgoblins
  3 jackals (D:4)
  10 quokkas
  3 bats
  2 frilled lizards
  18 kobolds
  12 rats
  A spectral weapon (Swamp:2)
1911 creatures vanquished.

Vanquished Creatures (collateral kills)
  A lich (Vaults:5)
  A sphinx (Vaults:5)
  A shadow dragon (Vaults:5)
  A deep elf sorcerer (Vaults:5)
  A frost giant (Vaults:5)
  2 stone giants (Vaults:5)
  An ironbound preserver (Vaults:5)
  A deep elf annihilator (Vaults:5)
  2 yaktaur captains (Vaults:5)
  2 deep elf high priests (Vaults:5)
  A vault guard (Vaults:5)
  A phantasmal warrior (Vaults:5)
  2 ugly things (Vaults:5)
  A vault sentinel (Vaults:5)
  2 yaktaurs (Vaults:5)
  A wind drake (shapeshifter) (Vaults:5)
  An orc warrior (Vaults:5)
  An ogre (Vaults:5)
23 creatures vanquished.

Vanquished Creatures (others)
  A dread lich (Vaults:5)
  A tentacled monstrosity (Vaults:5)
  A shadow dragon (Vaults:5)
  A tengu reaver (Vaults:5)
  A fire giant (Vaults:5)
  2 frost giants (Vaults:5)
  2 deep elf sorcerers (Vaults:5)
  2 vault wardens (Vaults:5)
  2 ironbound preservers (Vaults:5)
  3 very ugly things (Vaults:5)
  An ettin (Vaults:5)
  A deep elf high priest (Vaults:5)
  A yaktaur captain (Vaults:5)
  2 vault guards (Vaults:5)
  An ogre mage (Vaults:5)
  A centaur warrior (Vaults:1)
  A deep troll earth mage (Vaults:5)
  4 deep trolls (Vaults:5)
  2 ironbound convokers (Vaults:5)
  An orc knight (Vaults:5)
  A steelbarb worm (shapeshifter) (Vaults:5)
  A harpy (shapeshifter) (Vaults:5)
  A wolf spider (Vaults:5)
  2 vault sentinels (Vaults:5)
  2 yaktaurs (Vaults:5)
  A bloated husk (Swamp:2)
  A hornet (Swamp:3)
  A yak (shapeshifter) (Vaults:5)
  2 orc priests (Vaults:5)
  6 orcs
  18 foxfires (Swamp:3)
  62 spectral weapons
129 creatures vanquished.

Grand Total: 2063 creatures vanquished

Notes
Turn   | Place    | Note
-------+----------+-------------------------------------------
     0 | D:1      | DeathSocks the Vine Stalker Fighter began the quest for the
                  | Orb.
     0 | D:1      | Reached XP level 1. HP: 11/11 MP: 2/2
   203 | D:1      | Reached XP level 2. HP: 16/16 MP: 3/3
   586 | D:1      | Reached XP level 3. HP: 20/20 MP: 4/4
   765 | D:2      | Found Exoumyut's Armour Emporium.
   942 | D:2      | You fall into a shaft and drop 2 floors!
  1012 | D:2      | Reached XP level 4. HP: 24/24 MP: 3/5
  1268 | D:2      | Found a broken altar of Ashenzari.
  1830 | D:3      | Found an opulent altar of Gozag.
  1951 | D:4      | Noticed Pargi
  2078 | D:3      | Found a basalt altar of Yredelemnul.
  2560 | D:3      | Noticed a phantom
  2571 | D:3      | Killed a phantom
  2572 | D:3      | Reached XP level 5. HP: 24/28 MP: 4/6
  2694 | D:4      | Noticed a phantom
  2709 | D:4      | Killed a phantom
  2710 | D:4      | Reached XP level 6. HP: 33/33 MP: 4/7
  2948 | D:4      | Killed Pargi
  2949 | D:4      | Reached XP level 7. HP: 37/37 MP: 8/8
  3226 | D:4      | Found a sparkling altar of Nemelex Xobeh.
  3303 | D:3      | Became a worshipper of Gozag Ym Sagoz the Greedy
  3356 | D:5      | Entered Level 5 of the Dungeon
  3804 | D:4      | Noticed Sigmund
  3833 | D:4      | Killed Sigmund
  3834 | D:4      | Gained mutation: You have razor-sharp teeth. [Vine Stalker
                  | growth]
  3834 | D:4      | Reached XP level 8. HP: 42/42 MP: 5/9
  4178 | D:5      | Reached skill level 5 in Fighting
  4178 | D:5      | Reached skill level 5 in Shields
  4323 | D:5      | Found a stormy altar of Qazlal.
  4455 | D:5      | Reached skill level 5 in Axes
  4455 | D:5      | Reached skill level 5 in Armour
  4605 | D:5      | Found a staircase to the Ecumenical Temple.
  4818 | D:6      | Noticed Eustachio
  4823 | D:6      | Noticed Grinder
  4829 | D:6      | Killed Eustachio
  4830 | D:6      | Reached XP level 9. HP: 40/48 MP: 7/10
  4834 | D:6      | Killed Grinder
  5440 | D:6      | Noticed Blork the orc
  5458 | D:6      | Killed Blork the orc
  6081 | D:6      | Identified the +0 double sword of Qehamy {elec, Will++
                  | Int+3}
  6265 | D:7      | Reached XP level 10. HP: 55/55 MP: 11/11
  6421 | D:7      | Found a white marble altar of Elyvilon.
  6471 | D:7      | Found an ornate altar of the Wu Jian Council.
  6748 | D:8      | Noticed Jeremiah
  6789 | D:8      | Killed Jeremiah
  7636 | D:9      | Found a bloodstained altar of Trog.
  7684 | D:10     | Entered Level 10 of the Dungeon
  7792 | D:10     | Noticed Psyche
  7805 | D:10     | Killed Psyche
  7816 | D:10     | Noticed Maggie
  7817 | D:10     | Maggie changed into Maggie the golden eye
  7817 | D:10     | Noticed Maggie
  7828 | D:10     | Killed Maggie the golden eye
  7918 | D:9      | Found an ancient bone altar of Kikubaaqudgha.
  8030 | D:9      | Noticed a two-headed ogre
  8052 | D:9      | Killed a two-headed ogre
  8735 | D:10     | Reached XP level 11. HP: 49/51 MP: 10/12
  8892 | D:11     | Noticed a cyclops
  8899 | D:11     | Killed a cyclops
  9008 | D:10     | Found a glowing silver altar of Zin.
  9008 | D:10     | Found a shimmering blue altar of Sif Muna.
  9015 | D:10     | Found an iron altar of Okawaru.
  9017 | D:10     | Found a glowing golden altar of the Shining One.
  9019 | D:10     | Found a snail-covered altar of Cheibriados.
  9074 | D:10     | Found a sacrificial altar of Ru.
  9327 | D:10     | Found a staircase to the Orcish Mines.
  9458 | D:11     | Noticed Amaemon
  9482 | D:11     | HP: 2/62 [poisoned by Amaemon]
  9542 | D:11     | Killed Amaemon
  9543 | D:11     | Reached skill level 1 in Dodging
  9765 | D:11     | Noticed a centaur warrior
  9779 | D:11     | Killed a centaur warrior
  9802 | D:11     | Reached skill level 5 in Dodging
  9939 | D:12     | Noticed a two-headed ogre
  9955 | D:12     | Killed a two-headed ogre
  9956 | D:12     | Reached XP level 12. HP: 34/66 MP: 4/13
 10075 | D:11     | Identified the +2 glaive "Moatayr" {venom, rPois rC+ rN+}
 10082 | D:11     | Found a staircase to the Lair.
 10828 | D:11     | Reached skill level 10 in Axes
 11084 | D:13     | Noticed a centaur warrior
 11094 | D:13     | Killed a centaur warrior
 11421 | D:13     | Noticed a centaur warrior
 11430 | D:13     | Killed a centaur warrior
 11902 | Lair:1   | Entered Level 1 of the Lair of Beasts
 11963 | Lair:1   | Noticed a catoblepas
 11988 | Lair:1   | Killed a catoblepas
 12179 | Lair:2   | Found a staircase to the Snake Pit.
 12253 | Lair:2   | Identified the +0 ring mail of Vishrof {*Slow rC++ Will+
                  | Int+3}
 12261 | Lair:2   | Noticed Zonian's ghost (journeyman FeSu)
 12265 | Lair:2   | Identified 3 scrolls of acquirement
 12265 | Lair:2   | Acquired a manual of Armour
 12267 | Lair:2   | Acquired 584 gold pieces
 12269 | Lair:2   | Acquired a +4 heavy broad axe
 12293 | Lair:2   | Found a transporter.
 12323 | Lair:2   | Found a transporter.
 13149 | Lair:2   | Reached XP level 13. HP: 67/71 MP: 12/14
 13382 | Lair:3   | Reached skill level 10 in Armour
 13399 | Lair:3   | Reached skill level 10 in Fighting
 13613 | Lair:1   | You fall into a shaft and drop 1 floor!
 13751 | Lair:1   | Found a runed translucent door.
 13752 | Lair:1   | Noticed THTSBRD's ghost (novice DsGl)
 14296 | Lair:3   | Found a staircase to the Swamp.
 15242 | Lair:5   | Entered Level 5 of the Lair of Beasts
 15560 | Lair:5   | Reached skill level 1 in Evocations
 16153 | Lair:4   | Found a viscous altar of Jiyva.
 16153 | Lair:4   | Found a staircase to the Slime Pits.
 16385 | Lair:5   | Reached XP level 14. HP: 79/79 MP: 15/15
 16613 | Lair:5   | Reached skill level 5 in Evocations
 16833 | Lair:5   | Identified the +2 great sword of Dissatisfaction {drain,
                  | rF+ rC+ Dex+5}
 17716 | D:13     | Found Zin's Purification Station.
 17719 | D:13     | Found a glowing silver altar of Zin.
 18363 | D:13     | Found a gateway to a bazaar.
 18371 | Bazaar   | Entered a bazaar
 18371 | Bazaar   | Found Icvuwo's Magic Scroll Emporium.
 18371 | Bazaar   | Found Dugrogg's Antique Weapon Shoppe.
 18371 | Bazaar   | Found Gauceas's Book Shoppe.
 18371 | Bazaar   | Found Cafypul's Antique Armour Emporium.
 18371 | Bazaar   | Found Tasayget's Weapon Emporium.
 18371 | Bazaar   | Found Neguad's Assorted Antiques.
 18379 | Bazaar   | Bought a scroll of identify for 20 gold pieces
 18379 | Bazaar   | Bought a scroll of identify for 20 gold pieces
 18379 | Bazaar   | Bought a scroll of identify for 20 gold pieces
 18391 | Bazaar   | Bought a faintly glowing chain mail for 199 gold pieces
 18391 | Bazaar   | Identified the +3 chain mail "Haicem" {rPois rN+ rCorr}
                  | (You bought it in a shop in a bazaar)
 18393 | Bazaar   | Bought a scroll of enchant weapon for 142 gold pieces
 18393 | Bazaar   | Bought a scroll of fear for 76 gold pieces
 18399 | Bazaar   | Bought a scroll of enchant armour for 75 gold pieces
 18399 | Bazaar   | Bought a scroll of revelation for 75 gold pieces
 18757 | D:14     | Noticed Azrael
 18766 | D:14     | Killed Azrael
 19263 | D:15     | Entered Level 15 of the Dungeon
 19329 | D:14     | Reached XP level 15. HP: 78/83 MP: 16/16
 19469 | D:15     | Found a blossoming altar of Fedhas.
 20024 | D:14     | HP: 3/84 [centaur warrior/arrow (8)]
 20154 | D:15     | Noticed Jorgrun
 20220 | D:15     | Killed Jorgrun
 20490 | D:14     | Reached skill level 15 in Axes
 20548 | D:14     | Found a gate to the Vaults.
 20844 | D:15     | Acquired the +3 pair of boots of Hiuw {rF+}
 20864 | D:15     | Found a portal to a secret trove of treasure.
 20953 | D:15     | Noticed Kirke
 20964 | D:15     | Killed Kirke
 21302 | D:15     | Found a staircase to the Depths.
 21479 | Lair:1   | Killed THTSBRD's ghost
 21482 | Lair:1   | Identified the +6 great sword of Tis Kum {flame, rC+ Int-4
                  | Dex+3}
 21540 | Lair:2   | Killed Zonian's ghost
 21799 | Orc:1    | Entered Level 1 of the Orcish Mines
 22213 | Orc:2    | Entered Level 2 of the Orcish Mines
 22213 | Orc:2    | Found Muwk's Assorted Antiques.
 22219 | Orc:2    | Bought a wand of paralysis (3) for 187 gold pieces
 22219 | Orc:2    | Bought a wand of paralysis (7) for 436 gold pieces
 22219 | Orc:2    | Bought a pair of crude boots for 247 gold pieces
 22219 | Orc:2    | Identified the +2 pair of boots of Brilliance {Will+ Str+6}
                  | (You bought it in a shop on level 2 of the Orcish Mines)
 22592 | Orc:2    | Found a staircase to the Elven Halls.
 23037 | Orc:2    | Reached XP level 16. HP: 88/91 MP: 13/17
 23056 | Orc:2    | Found Sisuc's Armour Boutique.
 23056 | Orc:2    | Found Nalen's Weapon Emporium.
 23056 | Orc:2    | Found Homesch's Jewellery Shoppe.
 23056 | Orc:2    | Found Aven's Antique Armour Boutique.
 23451 | Orc:2    | Bought the ring "Putupnyf" {rElec rC+ MP+9 Str+2 Dex-2} for
                  | 533 gold pieces
 23460 | Orc:2    | Bought the +3 warlock's mirror {omnireflect} for 560 gold
                  | pieces
 23460 | Orc:2    | Found the +3 warlock's mirror {omnireflect}
 23477 | Orc:2    | Bought a +2 helmet of see invisible for 301 gold pieces
 23714 | D:2      | Bought a scarf of resistance for 448 gold pieces
 23982 | Snake:1  | Entered Level 1 of the Snake Pit
 23985 | Snake:1  | Found Meamasau's Vocational Training.
 24035 | Snake:1  | Bought a manual of Evocations for 880 gold pieces
 25824 | Snake:4  | Entered Level 4 of the Snake Pit
 25998 | Snake:4  | Reached skill level 10 in Evocations
 27252 | Snake:3  | Reached XP level 17. HP: 54/97 MP: 18/18
 27605 | Snake:4  | Noticed Vashnia
 27662 | Snake:4  | Killed Vashnia
 28716 | Snake:4  | Noticed Saint Roka
 28727 | Snake:4  | Killed Saint Roka
 29011 | Snake:4  | HP: 1/97 [naga warrior/+0 halberd (7)]
 29448 | Snake:4  | Found Pydedell's Armour Emporium.
 29456 | Snake:4  | Bought the +1 pair of boots of Mutualism {rPois Regen+
                  | Str+3 Slay+3} for 673 gold pieces
 29939 | Snake:4  | Got a serpentine rune of Zot
 30130 | Swamp:1  | Entered Level 1 of the Swamp
 30168 | Swamp:1  | Reached XP level 18. HP: 94/102 MP: 19/19
 30172 | Swamp:1  | You are sucked into a shaft and drop 1 floor!
 30252 | Swamp:2  | Reached skill level 15 in Evocations
 31924 | Swamp:4  | Entered Level 4 of the Swamp
 32163 | Swamp:3  | Reached skill level 15 in Fighting
 32164 | Swamp:3  | Reached skill level 15 in Armour
 33162 | Swamp:4  | Reached XP level 19. HP: 101/108 MP: 20/20
 33564 | Swamp:4  | Got a decaying rune of Zot
 33579 | Swamp:4  | Noticed a tentacled monstrosity
 33586 | Swamp:4  | Killed a tentacled monstrosity
 33878 | Vaults:1 | Entered Level 1 of the Vaults
 34254 | Vaults:1 | Reached skill level 10 in Dodging
 34864 | Vaults:1 | Reached XP level 20. HP: 114/114 MP: 21/21
 34951 | Vaults:1 | Identified the +10 broad axe "Yreit" {elec, Dex+3}
 35294 | Vaults:2 | Paralysed by a formless jellyfish for 1 turns
 36211 | Vaults:2 | Found a staircase to the Crypt.
 37144 | Vaults:4 | Reached XP level 21. HP: 122/122 MP: 22/22
 38087 | Vaults:4 | Found Qubomize's Magic Scroll Boutique.
 38091 | Vaults:4 | Bought a scroll of fear for 72 gold pieces
 38091 | Vaults:4 | Bought a scroll of fog for 72 gold pieces
 38136 | Vaults:5 | Entered Level 5 of the Vaults
 38335 | Vaults:4 | Noticed Mennas
 38591 | Vaults:4 | Killed Mennas
 39334 | Vaults:4 | Got the Omnibus of the Deep Freeze
 39683 | Depths:1 | Entered Level 1 of the Depths
 39683 | Depths:1 | Noticed Sojobo
 39866 | Depths:1 | Paralysed by an air elemental for 1 turns
 39870 | Depths:1 | Killed Sojobo
 40013 | Depths:1 | Found a blossoming altar of Fedhas.
 40098 | Depths:1 | Found Hirotzaluf's Book Boutique.
 40099 | Depths:1 | Found Masinoic's Jewellery Shoppe.
 40099 | Depths:1 | Found Pepridgh's Jewellery Shoppe.
 40280 | Depths:2 | Reached XP level 22. HP: 108/130 MP: 23/23
 40347 | Depths:1 | Noticed Louise
 40361 | Depths:1 | Killed Louise
 40409 | Depths:1 | Found a one-way gate to the infinite horrors of the Abyss.
 40513 | Depths:1 | Found a gateway to Hell.
 41544 | Depths:2 | Found a one-way gate leading to the halls of Pandemonium.
 41637 | Depths:2 | Noticed Bai Suzhen
 41656 | Depths:2 | Killed Bai Suzhen
 41731 | Depths:2 | Found a runed translucent door.
 41909 | Depths:2 | Learned a level 1 spell: Apportation
 42491 | Depths:2 | Identified the ring "Nofiyjel" {rElec rC+ AC+4 Dex+2}
 42686 | Depths:2 | Noticed a shard shrike
 42687 | Depths:2 | Found a runed translucent door.
 42694 | Depths:2 | Killed a shard shrike
 42804 | Depths:2 | Got the Compilation of Incineration
 42810 | Depths:2 | Got the Parchment of the Welkin
 42937 | Depths:3 | Found the +5 Storm Queen's Shield {shock, Fly rElec}
 43017 | Depths:3 | Noticed a caustic shrike
 43022 | Depths:3 | Killed a caustic shrike
 43165 | Depths:4 | Entered Level 4 of the Depths
 43165 | Depths:4 | Noticed a caustic shrike
 43166 | Depths:4 | Noticed a caustic shrike
 43166 | Depths:4 | Noticed a caustic shrike
 43168 | Depths:4 | Noticed a caustic shrike
 43175 | Depths:3 | Killed a caustic shrike
 43401 | Depths:2 | Killed a caustic shrike
 43414 | Depths:2 | Killed a caustic shrike
 43419 | Depths:2 | Killed a caustic shrike
 43519 | Depths:3 | Reached XP level 23. HP: 135/135 MP: 24/24
 43576 | Depths:3 | Paralysed by a vampire knight for 5 turns
 43600 | Depths:3 | Noticed a golden dragon
 43612 | Depths:3 | Killed a golden dragon
 44258 | Depths:3 | Found a one-way gateway to a ziggurat.
 44316 | Depths:3 | Noticed a golden dragon
 44326 | Depths:3 | Killed a golden dragon
 44327 | Depths:3 | Reached skill level 10 in Shields
 44775 | Depths:4 | Noticed a golden dragon
 45174 | Depths:4 | Killed a golden dragon
 45241 | Depths:4 | Found a gate to the Realm of Zot.
 46034 | Vaults:5 | Noticed a dread lich
 46070 | Vaults:5 | Killed a dread lich
 46364 | Vaults:5 | Noticed a dread lich
 46399 | Vaults:5 | Identified the +10 scimitar of Dawn {speed, +Blink rElec
                  | rF- Dex-4}
 46453 | Vaults:5 | Identified the +9 great sword of Propriety {venom, rElec
                  | Int+2}
 46551 | Vaults:5 | Reached XP level 24. HP: 127/141 MP: 24/24
 46740 | Vaults:5 | Identified the +6 flail "Nuewufi" {heavy, Will- Dex+3}
 46885 | Vaults:5 | Identified the +8 sling "Sufemy" {drain, rF++ rN+++ Int-2}
 47205 | Vaults:5 | Found the +10 Black Knight's barding {ponderous, rPois rN+}
 47317 | Vaults:5 | Got a silver rune of Zot
 47320 | Vaults:5 | Identified the +1 cloak of Shadows and Fog {rElec Int+2}
 47699 | Elf:1    | Entered Level 1 of the Elven Halls
 47729 | Elf:1    | Reached skill level 15 in Shields
 47764 | Elf:1    | Paralysed by an air elemental for 1 turns
 48781 | Elf:3    | Entered Level 3 of the Elven Halls
 48882 | Elf:2    | Found a shimmering blue altar of Sif Muna.
 48885 | Elf:2    | Identified the amulet of Ducoqier {RegenMP rC+ Str+3 Int+4}
 49029 | Elf:2    | Paralysed by an air elemental for 1 turns
 49164 | Elf:2    | Found a runed translucent door.
 49187 | Elf:2    | Found a runed translucent door.
 49235 | Elf:2    | Noticed Zenata
 49320 | Elf:2    | Killed Zenata
 50062 | Elf:3    | Identified the +7 trident of the Illusory Knives {drain,
                  | Will- Str+6}
 50622 | Elf:3    | Identified the +0 flail of Sothonuj {antimagic, rF+ rN+
                  | Will- Str+2}
 50653 | Elf:3    | Reached XP level 25. HP: 98/147 MP: 24/24
 51048 | Elf:3    | Identified the +8 mace "Lam Syti" {antimagic, rF- rC+
                  | Int+4}
 51146 | Elf:3    | Got the Papyrus of the Retinue
 51225 | Elf:3    | Identified the +0 pair of boots of Analasipt {Dex+2 Slay+2}
 51632 | Slime:1  | Entered Level 1 of the Pits of Slime
 52175 | Slime:5  | Entered Level 5 of the Pits of Slime
 52200 | Slime:5  | Gained mutation: You sometimes lose your temper in combat.
                  | [a shining eye]
 52399 | Slime:5  | Gained mutation: You occasionally lose the ability to read
                  | scrolls when taking damage. [a shining eye]
 52400 | Slime:5  | Gained mutation: Your spells are a little easier to cast,
                  | but a little less powerful. [a shining eye]
 52570 | Slime:5  | Noticed the Royal Jelly
 52579 | Slime:5  | Killed the Royal Jelly
 52583 | Slime:5  | HP: 7/147 [azure jelly[the Royal Jelly] (6)]
 52583 | Slime:5  | HP: 3/147 [azure jelly[the Royal Jelly] (4)]
 52583 | Slime:5  | Killed from afar by an acid blob

Illustrated notes

Levels and vault maps discovered:
D:1:      dpeg_arrival_rhombus, layout_loops_cross, minmay_misc_feat_square
D:2:      layout_loops_corners, basic_altar, serial_shops, nicolae_diamond_shop,
          minmay_quantized
D:3:      layout_basic, grunt_gozag_statues, yredelemnul_altar_generic,
          st_stairs_4
D:4:      minmay_diamond_boxcup, layout_gridville,
          nicolae_overflow_hidden_temple, nicolae_letterblocks
          [nicolae_letter_subblock, nicolae_letter_subblock,
          nicolae_letter_subblock, nicolae_letter_subblock,
          nicolae_letter_subblock, nicolae_letter_subblock,
          nicolae_letter_subblock, nicolae_letter_subblock,
          nicolae_letter_subblock, nicolae_letter_subblock,
          nicolae_letter_subblock, nicolae_letter_subblock,
          nicolae_letter_subblock, nicolae_letter_subblock,
          nicolae_letter_subblock, nicolae_letter_subblock,
          nicolae_letter_subblock, nicolae_letter_subblock,
          nicolae_letter_subblock, nicolae_letter_subblock,
          nicolae_letter_subblock, nicolae_letter_subblock,
          nicolae_letter_subblock, nicolae_letter_subblock,
          nicolae_letter_subblock], uniq_sigmund, uniq_pargi
D:5:      layout_basic, mainiacjoe_overflow_brackets, minmay_temple_entry_trees
D:6:      nicolae_cairo_tiling_very_big, layout_layer_cave,
          minmay_unpleasant_kobolds, uniq_grinder, uniq_eustachio,
          uniq_blork_the_orc
D:7:      layout_gridville, kennysheep_little_box, kennysheep_mini
D:8:      layout_basic, uniq_jeremiah
D:9:      layout_grid_maze, overflow_temple_1_default, lemuel_crystal_altar
D:10:     layout_irregular_city, lemuel_tele_altar,
          chequers_temple_overflow_minitemple, hiddenorc1_lemuel,
          hangedman_decor_peaks_small, uniq_maggie, uniq_psyche
D:11:     layout_stronghold, minmay_lair_entry_grove, serial_bayou_lake_a,
          uniq_amaemon
D:12:     kennysheep_spiral_hall, layout_loops_corners,
          portal_ice_cave_entry_imps
D:13:     layout_loops_corners, serial_shops, bzr_entry_islet, zin_purify
D:14:     layout_roguey, david_vaults_5, minmay_misc_feat_rows, uniq_azrael
D:15:     hangedman_depths_entry_try_elsewhere_first, layout_cave_pools,
          nicolae_trove_entry_crystal, basic_altar, uniq_jorgrun, uniq_kirke
Lair:1:   layout_chaotic_city, gammafunk_ghost_grave, gauntlet_entry_generic,
          grunt_forest_small_clearing_treed
Lair:2:   lemuel_ratsnest, layout_small_grid, dummy_snake_entry,
          gammafunk_ghost_berserking_beasts, enter_volcano_2
Lair:3:   layout_hall_layers, nicolae_swamp_entry_splash_gauntlet, st_stairs_13
Lair:4:   layout_gridlike, dpeg_slime_entry_corner
Lair:5:   evilmike_catoblepas_cave, layout_hall_layers
Swamp:1:  layout_basic_swamp, nicolae_swamp_trees_clearing, swamp_pool_1_2
Swamp:2:  layout_basic_swamp, hangedman_swamp_lotus, swamp_pool_4
Swamp:3:  cheibrodos_swamp_mausoleum, layout_basic_swamp,
          evilmike_swamp_ruin_rubble_2, swamp_pool_1_2
Swamp:4:  swamp, layout_basic_swamp, nicolae_swamp_decorative_isthmus
Snake:1:  layout_layer_cave, nicolae_snake_gridmaze_spiral, drop_trap,
          nicolae_shop_vocational
Snake:2:  layout_rooms
Snake:3:  layout_misc_corridors, nicolae_integral_box
Snake:4:  johnstein_snake_rune_scales, layout_cave_town, minmay_shop_star,
          uniq_vashnia, uniq_saint_roka
Slime:1:  layout_caves, cheibrodos_slime_lost_civilization_6
Slime:2:  cheibrodos_slime_lost_civilization_10, layout_caves
Slime:3:  layout_caves, nicolae_slime_phagocytosis
Slime:4:  layout_caves
Slime:5:  slime_pit_nicolae_royal_road_to_ruin
Orc:1:    layout_diamond_mine, nicolae_orc_damp_corner, nicolae_orc_lost_temple
Orc:2:    st_orc_ogre_mass, layout_caves, serial_shops, shop, basic_altar
Elf:1:    layout_rooms, hangedman_elven_crosses_minicolossus,
          minmay_misc_feat_alley
Elf:2:    nicolae_elf_blades_splatter_lattice
          [nicolae_blade_entry_splitting_headache], layout_rooms,
          hangedman_summoners_spam, uniq_zenata
Elf:3:    elf_hall_gauntlet_narrow, layout_gridlike,
          kennysheep_underground_church
Vaults:1: vaults_dpeg_emergency_exit, grunt_vaults_diagonal, vaults_room_boxed,
          nicolae_vaults_what_the_h, hangedman_vaults_slice,
          hangedman_vaults_variations, nicolae_vaults_shipping_containers_3,
          hangedman_vaults_trim, v_alt_pattern_1, hangedman_vaults_trim,
          serial_ice_g, nicolae_vaults_double_plus_1, vaults_dpeg_hooks,
          layout_vaults_omnicross
Vaults:2: nicolae_vaults_twisting_passages, nicolae_vaults_stairing_the_circle,
          nicolae_vaults_turnstiles, minmay_crypt_entry_skeletal_spiral,
          hangedman_vaults_stitches, v_misc_26, vaults_dpeg_cross,
          nicolae_vaults_hexular_roomagon, vaults_room_door_ring,
          nicolae_vaults_storage_room_glass, nicolae_vaults_tetromino_T_1,
          v_misc_28, layout_vaults_maze
Vaults:3: v_misc_16, v_misc_15, ontoclasm_vaults_spin, nicolae_vaults_big_ls,
          nicolae_vaults_bisected_slash, v_misc_10,
          nicolae_vaults_layer_cake_slice, vaults_room_hallway,
          layout_vaults_big_room
Vaults:4: nicolae_vaults_network_star, vaults_room_pools,
          nicolae_vaults_network_s, v_misc_15, vaults_room_door_hall,
          ontoclasm_vaults_gateway, nicolae_vaults_prndl, v_misc_17,
          vaults_mumra_minichess, v_misc_29, v_pattern_4, vaults_room_pools,
          layout_vaults_omnigrid, serial_shops, nicolae_shop_rolled_up,
          uniq_mennas
Vaults:5
Depths:1: layout_gridlike, nicolae_abyss_entry_one_way_or_another,
          kennysheep_donut, hell_entry, minmay_misc_feat_iff,
          fedhas_altar_fruit_tree, minmay_shop_grove, uniq_sojobo
Depths:2: mu_elemental_laboratory, layout_basic, hell_entry,
          rand_demon_pan_entry_9, abyss_entry_small_statue_room,
          minmay_misc_feat_x, uniq_bai_suzhen
Depths:3: minmay_the_grid_octo_tiled_octocenter [minmay_the_grid_octo_chip,
          minmay_the_grid_octo_toaster, minmay_the_grid_octo_thin_diamonds,
          minmay_the_grid_octo_tetromino_candy,
          minmay_the_grid_octo_prize_big_c,
          minmay_the_grid_square_5x5_trominoes,
          minmay_the_grid_square_5x5_three, minmay_the_grid_square_5x5_spiral,
          minmay_the_grid_square_5x5_detours], layout_basic, enter_ziggurat_b,
          grunt_mini_vestibule, abyss_entry, grunt_pan_entry_zigzag,
          lightli_fourway_metalbox, infiniplex_staircase_pool_2
Depths:4: grunt_zot_entry_alcove, layout_gridlike, hell_entry,
          serial_library_hellmonk_hallway_a, grunt_megastairs_3,
          serial_bayou_shore_b

Skill      XL: |  1  2  3  4  5  6  7  8  9 10 11 12 13 14 15 16 17 18 19 20 21 22 23 24 25 |
---------------+----------------------------------------------------------------------------+-----
Axes           | 2 3 4 5 7 8 9 11 12 14 15 16 18 | 18.0
Fighting       | 3 4 5 7 8 9 11 13 14 15 16 17 18 19 20 | 20.0
Shields        | 3 4 5 7 13 15 | 15.0
Armour         | 3 4 5 7 8 9 11 12 14 15 16 17 18 19 20 | 20.0
Dodging        | 5 7 11 13 | 13.9
Evocations     | 4 7 10 14 15 16 18 | 18.0

Action                     |  1- 3 |  4- 6 |  7- 9 | 10-12 | 13-15 | 16-18 | 19-21 | 22-24 | 25-27 || total
---------------------------+-------+-------+-------+-------+-------+-------+-------+-------+-------++-------
  Melee: War axe           |    84 |   129 |   284 |   611 |       |       |       |       |       ||  1108
         Bite              |    16 |    29 |    82 |   253 |   267 |   270 |   444 |   396 |    88 ||  1845
         Broad axe         |       |       |       |    67 |   579 |   594 |   825 |   809 |   145 ||  3019
         Flail             |       |       |       |       |    30 |    38 |    42 |       |       ||   110
  Throw: Dart              |       |       |     5 |     3 |     1 |       |       |       |       ||     9
         Boomerang         |       |       |     5 |     1 |       |       |       |       |       ||     6
         Throwing net      |       |       |       |       |       |       |     1 |       |       ||     1
 Invoke: Potion Petition   |       |       |       |       |       |       |       |     2 |       ||     2
         Bribe Branch      |       |       |       |       |       |       |       |     1 |       ||     1
  Evoke: Wand              |       |       |       |    11 |     1 |     3 |     5 |     2 |       ||    22
         Phial of floods   |       |       |       |       |       |       |     1 |     3 |       ||     4
         Box of beasts     |       |       |       |       |       |       |     1 |     1 |     1 ||     3
         Lightning rod     |       |       |       |       |       |       |       |     3 |     1 ||     4
    Use: Scroll            |       |    11 |     9 |     9 |    11 |    11 |     6 |     8 |     1 ||    66
         Potion            |       |     2 |       |     3 |     4 |     2 |     4 |       |     2 ||    17
   Stab: Distracted        |       |       |       |     3 |    16 |    20 |    19 |    19 |     3 ||    80
         Paralysed         |       |       |       |     4 |       |       |       |       |       ||     4
         Held in net/web   |       |       |       |       |       |       |     1 |       |       ||     1
 Armour: Scale mail        |    64 |    99 |       |       |       |       |       |       |       ||   163
         Skin              |       |    11 |       |       |       |       |       |       |       ||    11
         Troll leather arm |       |       |    40 |       |       |       |       |       |       ||    40
         Chain mail        |       |       |   207 |   662 |   286 |   740 |   729 |   612 |    97 ||  3333
         Plate armour      |       |       |       |       |   236 |       |       |       |       ||   236
  Dodge: Dodged            |    31 |    47 |   128 |   285 |   250 |   333 |   379 |   235 |    39 ||  1727
  Block: Buckler           |    20 |    21 |    77 |   211 |   140 |   270 |   356 |    57 |       ||  1152
         Reflection        |       |       |       |       |       |    54 |    49 |    10 |       ||   113
         Kite shield       |       |       |       |       |       |       |       |   383 |    75 ||   458

Table legend: (Time is in decaauts)
 A = Elapsed time spent in this place.
 B = Non-inter-level travel time spent in this place.
 C = Inter-level travel time spent in this place.
 D = Time resting spent in this place.
 E = Time spent auto-exploring this place.
 F = Levels seen in this place.
 G = Mean time per level.
                   A        B        C        D        E       F      G
               +--------+--------+--------+--------+--------+-----+--------+
         Total |  52286 |  48292 |   3994 |   4283 |  30143 |  48 | 1089.3 |
       Dungeon |  17071 |  15686 |   1385 |   1557 |   9438 |  15 | 1138.1 |
          Lair |   6595 |   5789 |    806 |    468 |   4018 |   5 | 1319.0 |
         Swamp |   3449 |   3234 |    215 |    144 |   2104 |   4 |  862.2 |
     Snake Pit |   6038 |   5901 |    137 |   1841 |   2854 |   4 | 1509.5 |
    Slime Pits |    608 |    608 |      0 |      0 |    181 |   5 |  121.6 |
  Orcish Mines |   1781 |   1572 |    209 |      0 |   1204 |   2 |  890.5 |
   Elven Halls |   3663 |   3368 |    295 |      0 |   2137 |   3 | 1221.0 |
        Vaults |   7194 |   6609 |    585 |     11 |   4419 |   5 | 1438.8 |
        Depths |   5832 |   5472 |    360 |    262 |   3768 |   4 | 1458.0 |
        Bazaar |     50 |     50 |      0 |      0 |     18 |   1 |   50.0 |
               +--------+--------+--------+--------+--------+-----+--------+

Top non-repeatable levels by time:
 Snake:3: 2650 daAuts
Depths:2: 2162 daAuts
    D:14: 2078 daAuts
 Snake:4: 1700 daAuts
Vaults:4: 1670 daAuts
   Elf:3: 1639 daAuts
    D:11: 1623 daAuts
  Lair:2: 1513 daAuts
Depths:3: 1456 daAuts
  Lair:4: 1446 daAuts
     D:4: 1439 daAuts
Vaults:5: 1424 daAuts
Vaults:1: 1414 daAuts
Vaults:2: 1377 daAuts
     D:6: 1354 daAuts
